| TOP OF THE 1ST |
|
Vancouver Canadians batting - Pitching for Mahoning Valley Scrappers : RHP Oscar Alvarado
|
|
Pitching: RHP Oscar Alvarado
|
|
|
Batting: RHB Justin Geiger
|
0-0: Ball 1-0: Ball 2-0: Fly out, F9 (Flyball, 9D, EV 101.2 MPH)
|
|
Batting: LHB Sonny Flood
|
0-0: Ball 1-0: Fly out, F9 (Line Drive, 89S, EV 101.9 MPH)
|
|
Batting: RHB Nikita Schram
|
0-0: Ball 1-0: Fly out, F8 (Flyball, 8LD, EV 102.5 MPH)
|
| Top of the 1st over - 0 runs, 0 hits, 0 errors, 0 left on base; Vancouver 0 - Mahoning Valley 0 |
| BOTTOM OF THE 1ST |
|
Mahoning Valley Scrappers batting - Pitching for Vancouver Canadians : RHP Allen Vesey
|
|
Pitching: RHP Allen Vesey
|
|
|
Batting: SHB Darius Vinson
|
0-0: Called Strike 0-1: Called Strike 0-2: Strikes out swinging
|
|
Batting: RHB Reynaldo Herrera
|
0-0: Swinging Strike 0-1: Ball 1-1: Ball 2-1: Swinging Strike 2-2: Strikes out swinging
|
|
Batting: LHB Devon Grant
|
0-0: Ball 1-0: Called Strike 1-1: Fly out, F8 (Line Drive, 8RM, EV 88.8 MPH)
|
| Bottom of the 1st over - 0 runs, 0 hits, 0 errors, 0 left on base; Vancouver 0 - Mahoning Valley 0 |
| TOP OF THE 2ND |
|
Vancouver Canadians batting - Pitching for Mahoning Valley Scrappers : RHP Oscar Alvarado
|
|
Batting: RHB Kyle Scruggs
|
0-0: Ball 1-0: Fly out, F9 (Flyball, 9S, EV 89.4 MPH)
|
|
Batting: SHB Scott Robbins
|
0-0: Called Strike 0-1: Swinging Strike 0-2: Strikes out swinging
|
|
Batting: RHB Tristan Dennis
|
0-0: Ball 1-0: Ball 2-0: Ground out U3 (Groundball, 34, EV 87.5 MPH)
|
| Top of the 2nd over - 0 runs, 0 hits, 0 errors, 0 left on base; Vancouver 0 - Mahoning Valley 0 |
| BOTTOM OF THE 2ND |
|
Mahoning Valley Scrappers batting - Pitching for Vancouver Canadians : RHP Allen Vesey
|
|
Batting: LHB Danny Moreno
|
0-0: Called Strike 0-1: Ball 1-1: Ball 2-1: Ball 3-1: Foul Ball, location: 2F 3-2: SINGLE (Groundball, 34D, EV 97.5 MPH)
|
|
Batting: RHB Luis Roman
|
Pickoff Throw to First - Out! 1-3 CS 0-0: Ball 1-0: Fly out, F9 (Flyball, 89S, EV 88.8 MPH)
|
|
Batting: LHB Esteban Cordova
|
0-0: Called Strike 0-1: Ground out 5-3 (Groundball, 5, EV 81.2 MPH)
|
| Bottom of the 2nd over - 0 runs, 1 hit, 0 errors, 0 left on base; Vancouver 0 - Mahoning Valley 0 |
| TOP OF THE 3RD |
|
Vancouver Canadians batting - Pitching for Mahoning Valley Scrappers : RHP Oscar Alvarado
|
|
Batting: LHB Adam Santarelli
|
0-0: Ball 1-0: Called Strike 1-1: Ball 2-1: Ball 3-1: Base on Balls
|
|
Batting: RHB Jose Garza
|
0-0: Called Strike 0-1: Ball 1-1: Called Strike 1-2: Ball 2-2: Ball 3-2: Fly out, F9 (Flyball, 9D, EV 103.8 MPH)
|
|
Batting: RHB Bobby Lasaguna
|
0-0: Called Strike 0-1: Called Strike 0-2: Fielders Choice at 2nd, 6-4 (Groundball, 6, EV 80.0 MPH)
|
|
Batting: RHB Justin Geiger
|
0-0: Ball Bobby Lasaguna is caught stealing 2nd base 2-4
|
| Top of the 3rd over - 0 runs, 0 hits, 0 errors, 0 left on base; Vancouver 0 - Mahoning Valley 0 |
| BOTTOM OF THE 3RD |
|
Mahoning Valley Scrappers batting - Pitching for Vancouver Canadians : RHP Allen Vesey
|
|
Batting: LHB Santiago Chavira
|
0-0: Ball 1-0: Ball 2-0: Called Strike 2-1: Ball 3-1: Base on Balls
|
|
Batting: LHB Ubbe de Bruin
|
0-0: Ball Wild Pitch! Santiago Chavira to second 1-0: SINGLE (Line Drive, 89M, EV 98.1 MPH) Santiago Chavira to third Runner from 3rd tries for Home, SAFE, throw by CF to home
|
|
Batting: RHB Mike Persinger
|
0-0: Called Strike 0-1: Swinging Strike 0-2: Ball 1-2: Foul Ball, location: 2F 1-2: Foul Ball, location: 2F 1-2: Grounds into double play, 6-4-3 (Groundball, 6, EV 78.8 MPH)
|
|
Batting: SHB Darius Vinson
|
0-0: Swinging Strike 0-1: Ground out 4-3 (Groundball, 4, EV 78.8 MPH)
|
| Bottom of the 3rd over - 1 run, 1 hit, 0 errors, 0 left on base; Vancouver 0 - Mahoning Valley 1 |
| TOP OF THE 4TH |
|
Vancouver Canadians batting - Pitching for Mahoning Valley Scrappers : RHP Oscar Alvarado
|
|
Batting: RHB Justin Geiger
|
0-0: Ball 1-0: Ball 2-0: Ball 3-0: Called Strike 3-1: Swinging Strike 3-2: SINGLE (Groundball, 6M, EV 101.2 MPH) (infield hit)
|
|
Batting: LHB Sonny Flood
|
0-0: Called Strike Justin Geiger steals 2nd base 0-1: Foul Ball, location: 2RF, Error on foul ball, E2 0-2: Ground out 4-3 (Groundball, 4, EV 96.2 MPH) Justin Geiger to third
|
|
Batting: RHB Nikita Schram
|
0-0: Ball 1-0: Foul Ball, location: 2F 1-1: Ball 2-1: DOUBLE (Line Drive, 3D, EV 106.2 MPH) Justin Geiger scores
|
|
Batting: RHB Kyle Scruggs
|
0-0: Called Strike 0-1: Ball 1-1: Called Strike 1-2: DOUBLE (Flyball, 89D, EV 104.4 MPH) Nikita Schram scores
|
|
Batting: SHB Scott Robbins
|
0-0: Foul Ball, location: 2F 0-1: Ball 1-1: Ball 2-1: Ground out 4-3 (Groundball, 4S, EV 68.8 MPH) Kyle Scruggs to third
|
|
Batting: RHB Tristan Dennis
|
0-0: Ball 1-0: Ground out 5-3 (Groundball, 25, EV 89.4 MPH)
|
| Top of the 4th over - 2 runs, 3 hits, 1 error, 1 left on base; Vancouver 2 - Mahoning Valley 1 |
| BOTTOM OF THE 4TH |
|
Mahoning Valley Scrappers batting - Pitching for Vancouver Canadians : RHP Allen Vesey
|
|
Batting: RHB Reynaldo Herrera
|
0-0: Ball 1-0: Fly out, F3 (Popup, 3SF, EV 79.4 MPH)
|
|
Batting: LHB Devon Grant
|
0-0: Ball 1-0: Foul Ball, location: 2F 1-1: Foul Ball, location: 2F 1-2: TRIPLE (Flyball, 89XD, EV 86.9 MPH)
|
|
Batting: LHB Danny Moreno
|
0-0: Foul Ball, location: 2F 0-1: Ball Passed Ball! Devon Grant scores 1-1: Ball 2-1: Foul Ball, location: 2F 2-2: Strikes out swinging, 2-3 out at first.
|
|
Batting: RHB Luis Roman
|
0-0: Ball 1-0: Foul Ball, location: 2F 1-1: Swinging Strike 1-2: Strikes out looking
|
| Bottom of the 4th over - 1 run, 1 hit, 0 errors, 0 left on base; Vancouver 2 - Mahoning Valley 2 |
| TOP OF THE 5TH |
|
Vancouver Canadians batting - Pitching for Mahoning Valley Scrappers : RHP Oscar Alvarado
|
|
Batting: LHB Adam Santarelli
|
0-0: Ball 1-0: Ball 2-0: Reached on error, E4 (Groundball, 4, EV 88.1 MPH)
|
|
Batting: RHB Jose Garza
|
0-0: Called Strike Adam Santarelli steals 2nd base 0-1: Fly out, F5 (Popup, 5L, EV 75.6 MPH)
|
|
Batting: RHB Bobby Lasaguna
|
0-0: Called Strike 0-1: Foul Ball, location: 2F 0-2: Foul Ball, location: 2F 0-2: Ball 1-2: Strikes out swinging
|
|
Batting: RHB Justin Geiger
|
0-0: Swinging Strike 0-1: Ball 1-1: Swinging Strike 1-2: Hit by Pitch
|
|
Batting: LHB Sonny Flood
|
0-0: Ball 1-0: Foul Ball, location: 2F 1-1: Ball 2-1: Foul Ball, location: 2F 2-2: Strikes out swinging
|
| Top of the 5th over - 0 runs, 0 hits, 1 error, 2 left on base; Vancouver 2 - Mahoning Valley 2 |
| BOTTOM OF THE 5TH |
|
Mahoning Valley Scrappers batting - Pitching for Vancouver Canadians : RHP Allen Vesey
|
|
Batting: LHB Esteban Cordova
|
0-0: Ball 1-0: Fly out, F7 (Flyball, 7S, EV 91.2 MPH)
|
|
Batting: LHB Santiago Chavira
|
0-0: Called Strike 0-1: Ball 1-1: Foul Ball, location: 2F 1-2: Ground out 5-3 (Groundball, 25, EV 62.5 MPH)
|
|
Batting: LHB Ubbe de Bruin
|
0-0: Called Strike 0-1: Ground out U3 (Groundball, 3L, EV 103.8 MPH)
|
| Bottom of the 5th over - 0 runs, 0 hits, 0 errors, 0 left on base; Vancouver 2 - Mahoning Valley 2 |
| TOP OF THE 6TH |
|
Vancouver Canadians batting - Pitching for Mahoning Valley Scrappers : RHP Oscar Alvarado
|
|
Pitching: RHP Brent Demby
|
|
|
Batting: RHB Nikita Schram
|
0-0: Foul Ball, location: 2F 0-1: Called Strike 0-2: Ball 1-2: Ball 2-2: Strikes out swinging
|
|
Batting: RHB Kyle Scruggs
|
0-0: Called Strike 0-1: Foul Ball, location: 2F 0-2: Foul Ball, location: 2F 0-2: Foul Ball, location: 2F 0-2: SINGLE (Line Drive, 6MD, EV 110.0 MPH)
|
|
Batting: SHB Scott Robbins
|
0-0: Fielders Choice at 2nd, 6-4 (Groundball, 6, EV 93.1 MPH)
|
|
Pinch Hitting: LHB Devin Huber
|
0-0: Ball 1-0: Swinging Strike 1-1: Swinging Strike 1-2: Ball Scott Robbins is caught stealing 2nd base 2-6
|
| Top of the 6th over - 0 runs, 1 hit, 0 errors, 0 left on base; Vancouver 2 - Mahoning Valley 2 |
| BOTTOM OF THE 6TH |
|
Mahoning Valley Scrappers batting - Pitching for Vancouver Canadians : RHP Allen Vesey
|
|
Now at 2B: Porter Welsh
|
|
|
Batting: RHB Mike Persinger
|
0-0: Called Strike 0-1: Ball 1-1: Ground out 6-3 (Groundball, 6M, EV 81.2 MPH)
|
|
Batting: SHB Darius Vinson
|
0-0: Foul Ball, location: 2F 0-1: Ball 1-1: Fly out, F8 (Flyball, 8LM, EV 85.0 MPH)
|
|
Batting: RHB Reynaldo Herrera
|
0-0: Ball 1-0: Foul Ball, location: 2F 1-1: Ball 2-1: Foul Ball, location: 2F 2-2: Foul Ball, location: 2F 2-2: Ball 3-2: Strikes out swinging
|
| Bottom of the 6th over - 0 runs, 0 hits, 0 errors, 0 left on base; Vancouver 2 - Mahoning Valley 2 |
| TOP OF THE 7TH |
|
Vancouver Canadians batting - Pitching for Mahoning Valley Scrappers : RHP Brent Demby
|
|
Batting: RHB Porter Welsh
|
0-0: Ball 1-0: Ball 2-0: Foul Ball, location: 2F 2-1: Ball 3-1: Foul Ball, location: 2F 3-2: Base on Balls
|
|
Batting: LHB Adam Santarelli
|
0-0: Ball 1-0: Called Strike 1-1: Fly out, F7 (Flyball, 7S, EV 88.8 MPH)
|
|
Pinch Hitting: LHB Ray Whitehead
|
0-0: Ball Porter Welsh steals 2nd base 1-0: Foul Ball, location: 2F 1-1: Swinging Strike 1-2: Ball 2-2: Foul Ball, location: 2F 2-2: Ball 3-2: Foul Ball, location: 2F 3-2: Base on Balls
|
|
Pitching: RHP Ian Nordquist
|
|
|
Batting: RHB Bobby Lasaguna
|
0-0: Swinging Strike 0-1: Fielders Choice at 2nd, 4-6 (Groundball, 4, EV 90.0 MPH) Porter Welsh to third
|
|
Pinch Hitting: LHB Roald Jacobs
|
0-0: Called Strike 0-1: SINGLE (Groundball, 34S, EV 65.6 MPH) (infield hit) Porter Welsh scores Bobby Lasaguna to second
|
|
Batting: LHB Sonny Flood
|
0-0: Ball 1-0: Called Strike 1-1: Swinging Strike 1-2: Strikes out swinging
|
| Top of the 7th over - 1 run, 1 hit, 0 errors, 2 left on base; Vancouver 3 - Mahoning Valley 2 |
| BOTTOM OF THE 7TH |
|
Mahoning Valley Scrappers batting - Pitching for Vancouver Canadians : RHP Allen Vesey
|
|
Now at 1B: Alex Vazquez
|
|
|
Now at SS: Lamberto Amicis
|
|
|
Now in LF: Sonny Flood
|
|
|
Now in CF: Dan Hilyer
|
|
|
Batting: LHB Devon Grant
|
0-0: Ball 1-0: Ball 2-0: Called Strike 2-1: Called Strike 2-2: Strikes out looking
|
|
Batting: LHB Danny Moreno
|
0-0: Swinging Strike 0-1: Ball 1-1: Foul Ball, location: 2F 1-2: Strikes out swinging
|
|
Batting: RHB Luis Roman
|
0-0: Called Strike 0-1: Swinging Strike 0-2: Ball 1-2: Strikes out swinging
|
| Bottom of the 7th over - 0 runs, 0 hits, 0 errors, 0 left on base; Vancouver 3 - Mahoning Valley 2 |
| TOP OF THE 8TH |
|
Vancouver Canadians batting - Pitching for Mahoning Valley Scrappers : RHP Ian Nordquist
|
|
Batting: RHB Nikita Schram
|
0-0: Called Strike 0-1: Foul Ball, location: 2F 0-2: Ball 1-2: Strikes out looking
|
|
Batting: RHB Kyle Scruggs
|
0-0: Ball 1-0: Swinging Strike 1-1: Ground out U3 (Groundball, 34S, EV 83.1 MPH)
|
|
Batting: SHB Scott Robbins
|
0-0: Ball 1-0: SINGLE (Groundball, 34D, EV 98.8 MPH)
|
|
Batting: RHB Porter Welsh
|
0-0: Ball 1-0: Swinging Strike 1-1: Ball 2-1: Ball 3-1: SINGLE (Groundball, 4M, EV 109.4 MPH) (infield hit) Scott Robbins to second
|
|
Pitching: RHP David Aldape
|
|
|
Pinch Runner at 1st Cesar Chavez:
|
|
|
Batting: RHB Dan Hilyer
|
0-0: Ball 1-0: Called Strike 1-1: Fly out, F7 (Flyball, 78S, EV 83.8 MPH)
|
| Top of the 8th over - 0 runs, 2 hits, 0 errors, 2 left on base; Vancouver 3 - Mahoning Valley 2 |
| BOTTOM OF THE 8TH |
|
Mahoning Valley Scrappers batting - Pitching for Vancouver Canadians : RHP Allen Vesey
|
|
Now at 2B: Cesar Chavez
|
|
|
Now in LF: Dan Hilyer
|
|
|
Now in CF: Jose Ontiveros
|
|
|
Batting: LHB Esteban Cordova
|
0-0: Ball 1-0: Foul Ball, location: 2F 1-1: Swinging Strike 1-2: Strikes out swinging
|
|
Batting: LHB Santiago Chavira
|
0-0: Ball 1-0: Called Strike 1-1: Fly out, F9 (Line Drive, 89D, EV 93.1 MPH)
|
|
Batting: LHB Ubbe de Bruin
|
0-0: Called Strike 0-1: Called Strike 0-2: Ball 1-2: Strikes out swinging
|
| Bottom of the 8th over - 0 runs, 0 hits, 0 errors, 0 left on base; Vancouver 3 - Mahoning Valley 2 |
| TOP OF THE 9TH |
|
Vancouver Canadians batting - Pitching for Mahoning Valley Scrappers : RHP David Aldape
|
|
Pitching: RHP Nate Souza
|
|
|
Batting: RHB Alex Vazquez
|
0-0: Foul Ball, location: 2F 0-1: Foul Ball, location: 2F 0-2: SINGLE (Groundball, 6MD, EV 106.9 MPH)
|
|
Batting: RHB Bobby Lasaguna
|
0-0: Called Strike Alex Vazquez steals 2nd base 0-1: Ground out 6-3 (Groundball, 6, EV 83.8 MPH) Alex Vazquez to third
|
|
Pinch Hitting: SHB Jose Garcia
|
0-0: Intentional Walk
|
|
Pinch Hitting: SHB Justin Veatch
|
0-0: Ball Jose Garcia steals 2nd base 1-0: Called Strike 1-1: Ball 2-1: Fly out, F8 (Line Drive, 8RD, EV 106.2 MPH) Runner from 3rd tags up, SCORES, no throw by CF
|
|
Batting: RHB Nikita Schram
|
0-0: Called Strike 0-1: TRIPLE (Flyball, 8RXD, EV 106.9 MPH) Jose Garcia scores
|
|
Batting: RHB Kyle Scruggs
|
0-0: Called Strike 0-1: Ball 1-1: Ground out 5-3 (Groundball, 56, EV 106.2 MPH)
|
| Top of the 9th over - 2 runs, 2 hits, 0 errors, 1 left on base; Vancouver 5 - Mahoning Valley 2 |
| BOTTOM OF THE 9TH |
|
Mahoning Valley Scrappers batting - Pitching for Vancouver Canadians : RHP Allen Vesey
|
|
Pitching: RHP Dan Korte
|
|
|
Now at 1B: Jose Garcia
|
|
|
Now at SS: Alex Vazquez
|
|
|
Now in CF: Julio Canseco
|
|
|
Batting: RHB Mike Persinger
|
0-0: Called Strike 0-1: Ground out 6-3 (Groundball, 6, EV 94.4 MPH)
|
|
Batting: SHB Darius Vinson
|
0-0: Called Strike 0-1: Called Strike 0-2: Strikes out swinging
|
|
Batting: RHB Reynaldo Herrera
|
0-0: Hit by Pitch
|
|
Batting: LHB Devon Grant
|
0-0: Ball 1-0: SINGLE (Groundball, 34D, EV 103.1 MPH) Reynaldo Herrera to second
|
|
Batting: LHB Danny Moreno
|
0-0: Ball 1-0: Ground out 4-3 (Groundball, 4, EV 90.0 MPH)
|
| Bottom of the 9th over - 0 runs, 1 hit, 0 errors, 2 left on base; Vancouver 5 - Mahoning Valley 2 |
|